 Dungeon Crawl Stone Soup version 0.18.1-48-g4cf74bf (webtiles) character file.

1122 Dickchan the Grappler (level 8, -3/103 HPs)
             Began as a Naga Berserker on Aug 21, 2016.
             Was a Priest of Trog.
             Killed by divine providence
             ... invoked by an orc priest
              (12 damage)
             ... on level 5 of the Dungeon.
             The game lasted 00:08:10 (7010 turns).

Dickchan the Grappler (Naga Berserker)              Turns: 7010, Time: 00:08:11

Health: -3/103     AC:  3    Str: 28    XL:     8   Next: 35%
Magic:  8/8        EV:  9    Int:  7    God:    Trog [***...]
Gold:   161        SH:  0    Dex: 10    Spells: 0 memorised, 7 levels left

rFire  x . .     SeeInvis +       - Unarmed
rCold  + . .     Gourm    .     a - +0 animal skin
rNeg   . . .     Faith    .     (no shield)
rPois  +         Spirit   .     (no helmet)
rElec  .         Dismiss  .     (no cloak)
rCorr  .         Reflect  .     (no gloves)
SustAt .         Harm     .     (no barding)
MR     +....                    (no amulet)
Stlth  ..........               u - ring of stealth
                                i - ring of ice

@: berserking (expiring), quick, somewhat resistant to hostile enchantments,
extremely unstealthy
A: see invisible, deformed body, poison resistance, slowness 2, slow metabolism
1, spit poison 2, AC +2
a: Spit Poison, Berserk, Trog's Hand, Burn Spellbooks, Renounce Religion


You were on level 5 of the Dungeon.
You worshipped Trog.
Trog was most pleased with you.
You were not hungry.

You visited 1 branch of the dungeon, and saw 5 of its levels.

You collected 161 gold pieces.

Inventory:

Hand Weapons
 s - a +2 dagger of venom
 C - a +2 whip of electrocution
Armour
 a - a +0 animal skin (worn)
Jewellery
 i - a ring of ice (left hand)
 u - a ring of stealth (right hand)
Wands
 w - a wand of polymorph (7/24)
Scrolls
 c - a scroll of amnesia {unknown}
 d - a scroll of enchant weapon {unknown}
 e - 9 scrolls of identify {unknown}
 h - 2 scrolls of remove curse {unknown}
 j - 2 scrolls of recharging {unknown}
 l - 3 scrolls of fear {unknown}
 n - a scroll of immolation {unknown}
 o - 2 scrolls of enchant armour {unknown}
 r - 2 scrolls of fog {unknown}
 y - 3 scrolls of teleportation {unknown}
 z - a scroll of blinking {unknown}
Potions
 f - 2 potions of ambrosia {unknown}
 g - a potion of heal wounds {unknown}
 k - a potion of brilliance {unknown}
 m - a potion of flight {unknown}
 p - a potion of resistance {unknown}
 q - 3 potions of degeneration {unknown}
 t - a potion of cure mutation {unknown}
 v - a potion of magic {unknown}
 x - 2 potions of invisibility {unknown}
 A - a potion of haste {unknown}
Comestibles
 b - 9 bread rations
 B - 2 meat rations


   Skills:
 - Level 3.0 Fighting
 - Level 1.5 Armour
 - Level 1.5 Dodging
 + Level 10.1 Unarmed Combat


You had 7 spell levels left.
You didn't know any spells.

Dungeon Overview and Level Annotations

Branches:
Dungeon (5/15)
 Temple: D:4-7

Altars:
Dithmenos
Elyvilon
Kikubaaqudgha
Okawaru
Zin
The Shining One


Innate Abilities, Weirdness & Mutations

You cannot wear boots.
Your serpentine skin is tough (AC +2).
You have supernaturally acute eyesight.
Armour fits poorly on your strangely shaped body.
Your system is resistant to poisons.
You cover ground very slowly.
You have a slow metabolism.
You can spit poison.


Message History

The orc hits you with a dagger.
* * * LOW HITPOINT WARNING * * *
The orc priest miscasts a cantrip.
You hit the orc.
The orc is severely wounded.
You pummel the orc!!
You kill the orc!
Trog accepts your kill. The orc hits you but does no damage.
The orc priest mumbles some strange prayers to Beogh against you.
You resist with significant effort.
You closely miss the orc priest. The orc barely misses you.
You closely miss the orc priest.
The orc priest hits you with a hand axe.
* * * LOW HITPOINT WARNING * * *
You closely miss the orc priest. The orc hits you but does no damage.
You closely miss the orc priest.
The orc priest mumbles some strange prayers to Beogh against you.
Beogh smites you!
You die...

...#.(..............
#................
#####
##.###########...
.....####.##..## ...
.....[.†.........
.................
.................
########.########.
#...####@#
......ooo#
.......hZ'.....
#........#.....
#...##'####...# #..
#. ...# .. .. ..# .
... .# ...


You could see 2 orc priests, an orc, a jackal and a giant gecko skeleton.

Vanquished Creatures
  Pikel (D:5)
  A sky beast (D:5)
  A slave (D:5)
  A centaur (D:5)
  A giant frog skeleton (D:4)
  An orc priest (D:4)
  3 orc wizards
  2 iguanas
  Jessica (D:2)
  3 worker ants (D:4)
  A hound zombie (D:4)
  7 adders
  4 worms
  4 dart slugs
  5 giant geckos
  16 orcs
  A ball python (D:1)
  9 bats
  4 giant cockroaches
  16 goblins
  6 hobgoblins
  16 jackals
  A quokka (D:4)
  A giant gecko zombie (D:5)
  3 giant newts
  6 kobolds
  A quokka skeleton (D:4)
  7 rats
123 creatures vanquished.

Vanquished Creatures (others)
  A giant cockroach (D:5)
  A quokka (D:5)
2 creatures vanquished.

Grand Total: 125 creatures vanquished

Notes
Turn   | Place    | Note
--------------------------------------------------------------
     0 | D:1      | Dickchan the Naga Berserker began the quest for the Orb.
     0 | D:1      | Reached XP level 1. HP: 21/21 MP: 1/1
     6 | D:1      | Noticed a polar bear
     6 | D:1      | Noticed a worker ant
     6 | D:1      | Noticed a crocodile
   404 | D:1      | Reached XP level 2. HP: 13/28 MP: 2/2
  1279 | D:1      | Reached skill level 4 in Unarmed Combat
  1368 | D:1      | Reached XP level 3. HP: 22/34 MP: 3/3
  1391 | D:1      | Reached ** piety under Trog
  2202 | D:2      | Found a white marble altar of Elyvilon.
  2269 | D:2      | Noticed Jessica
  2282 | D:2      | Killed Jessica
  2282 | D:2      | Reached skill level 5 in Unarmed Combat
  2282 | D:2      | Reached XP level 4. HP: 36/42 MP: 4/4
  2536 | D:2      | Found an ancient bone altar of Kikubaaqudgha.
  2919 | D:2      | Found a glowing golden altar of the Shining One.
  3250 | D:3      | Found a shadowy altar of Dithmenos.
  3275 | D:3      | Reached XP level 5. HP: 49/49 MP: 5/5
  3564 | D:3      | Found an iron altar of Okawaru.
  3573 | D:3      | Reached *** piety under Trog
  4144 | D:3      | Reached skill level 6 in Unarmed Combat
  4648 | D:4      | Reached XP level 6. HP: 7/56 MP: 6/6
  5361 | D:4      | Found a glowing silver altar of Zin.
  5568 | D:4      | Reached skill level 7 in Unarmed Combat
  6135 | D:4      | Reached XP level 7. HP: 60/62 MP: 7/7
  6494 | D:5      | Entered Level 5 of the Dungeon
  6503 | D:5      | Reached skill level 8 in Unarmed Combat
  6557 | D:5      | Noticed Pikel
  6622 | D:5      | Killed Pikel
  6622 | D:5      | Reached skill level 9 in Unarmed Combat
  6622 | D:5      | Reached XP level 8. HP: 24/69 MP: 8/8
  6885 | D:5      | Reached skill level 10 in Unarmed Combat
  7010 | D:5      | Killed from afar by an orc priest

Skill      XL: |  1  2  3  4  5  6  7  8 |
---------------+-------------------------+-----
Unarmed Combat | 4 5 6 7 9 10 | 10.1
Fighting       | |  3.0
Armour         | |  1.5
Dodging        | |  1.5

Action                   |  1- 3 |  4- 6 |  7- 9 || total
-------------------------+-------+-------+-------++-------
Melee: Unarmed           |   127 |   199 |    86 ||   412
       Punch             |     5 |     5 |     1 ||    11
       Dagger            |       |    42 |       ||    42
       Whip              |       |       |     7 ||     7
Invok: Berserk           |     5 |     5 |     3 ||    13
 Abil: Spit Poison       |     2 |       |       ||     2
 Stab: Sleeping          |     1 |     2 |       ||     3
  Eat: Chunk             |     7 |    16 |     1 ||    24
       Pizza             |       |       |     1 ||     1
       Royal jelly       |       |       |     1 ||     1
Armor: Animal skin       |    35 |    41 |    25 ||   101
Dodge: Dodged            |    75 |    90 |    36 ||   201
